cohdb
Replays
Latest Replays
All Replays
Popular Replays
Top Player Replays
Match Explorer
How It Works
Community
CoH3 Stats
Reddit
Sign in to upload your games and track your stats! →
Sign in with Steam
Match 32316942
Unlisted
Match 32316942
Overview
Messages
Build Orders
End
Construct Barracks
Riflemen Squad
Riflemen Squad
Riflemen Squad
Construct Weapon Support Center
Infantry Support Center
M3 Armored Personnel Carrier
Riflemen Squad
Selects Advanced Infantry Battlegroup
Selects Convert to Ranger Squad
Selects Frontline Medical Station
Frontline Medical Station
Sniper
Engineer Squad
Convert to Ranger Squad
Selects Artillery Observers
Selects M2A1 105mm Howitzer Emplacement
Riflemen Squad
Convert to Ranger Squad
Selects Free Fire Drills
Construct Tank Depot
Convert to Ranger Squad
Riflemen Squad
Improved M9 Bazooka Rockets
Selects Infantry Assault
Infantry Assault
Construct Tank Depot
M4(105) Sherman Bulldozer
Infantry Assault
Profess0r_L
torbjornuser
카츄사
PubStormer
Everyone wants to lie down
Obersol
一杆大长枪
插头
0
0
Comments
sign in to comment!
No comments posted yet!